 Dungeon Crawl Stone Soup version 0.28-a0-1524-ge72afd5fc6 (webtiles) character file.

Game seed: 17210654590588264784

55 hashsling the Twirler (level 3, -1/19 HPs)
             Began as a Tengu Wanderer on Jan 18, 2022.
             Killed from afar by Crazy Yiuf (7 damage)
             ... with a puff of flame
             ... on level 2 of the Dungeon.
             The game lasted 00:05:49 (1827 turns).

hashsling the Twirler (Tengu Wanderer)              Turns: 1827, Time: 00:05:53

Health: -1/19      AC:  5    Str: 14    XL:     3   Next: 93%
Magic:  5/5        EV: 10    Int: 11    God:
Gold:   43         SH:  0    Dex: 14    Spells: 4/4 levels left

rFire   . . .      SeeInvis .   a - +2 quarterstaff
rCold   . . .      Faith    .   (shield currently unavailable)
rNeg    . . .      Spirit   .   b - +0 ring mail
rPois   .          Reflect  .   (helmet restricted)
rElec   .          Harm     .   (no cloak)
rCorr   .          Rampage  .   (no gloves)
Will    .....                   (boots unavailable)
Stlth   +.........              (no amulet)
HPRegen 0.06/turn               (no ring)
MPRegen 0.09/turn               (no ring)

@: no status effects
A: beak, talons 3
a: no special abilities


You were on level 2 of the Dungeon.
You visited 1 branch of the dungeon, and saw 2 of its levels.

You collected 43 gold pieces.

Inventory:

Hand Weapons
 a - a +2 quarterstaff (weapon)
Armour
 b - a +0 ring mail (worn)
 h - an orb of wrath
Scrolls
 c - a scroll of fog {unknown}
 d - 2 scrolls of teleportation
 e - a scroll of immolation {unknown}
 g - a scroll of enchant armour {unknown}
 i - a scroll of brand weapon {unknown}
 k - a scroll of magic mapping {unknown}
 l - a scroll of identify {unknown}
Potions
 f - a potion of attraction {unknown}
 j - 2 potions of curing {unknown}


   Skills:
 * Level 4.7 Staves
 - Level 1.0 Throwing
 - Level 2.0 Armour
 * Level 0.7 Dodging
 - Level 1.0 Stealth
 - Level 1.0 Spellcasting
 - Level 2.1 Necromancy
 - Level 1.0 Evocations


You had 4 spell levels left.
You didn't know any spells.
Your spell library contained the following spells:

 Spells                   Type           Power      Damage    Failure   Level
 Sublimation of Blood     Necr           5%         N/A       36%         2
 Corpse Rot               Necr/Air       4%         N/A       52%         2


Dungeon Overview and Level Annotations

Branches:
Dungeon (2/15)

Altars:
Qazlal

Annotations:
D:2 Crazy Yiuf


Innate Abilities, Weirdness & Mutations

You have a beak for a mouth.
You have claws for feet.


Message History

You kill the rat!
l - a scroll labelled QEOGGUR LUDOSM
Things that are here:
a +0 mace; a hobgoblin corpse You see here a rat corpse.
Found a mace.
Found a runed translucent door.
Crazy Yiuf shouts!
Crazy Yiuf flaps his cloak.
There is an escape hatch in the floor here.
There is a stone staircase leading up here.
Found an escape hatch in the ceiling.
A goblin comes into view. It is wielding a +0 club.
The goblin shouts!
The goblin closely misses you.
There is an escape hatch in the ceiling here.
You closely miss the goblin. You claw the goblin. You peck the goblin.
You kill the goblin!
You see here a +0 club.
A dart slug comes into view.
You sock the dart slug!
You kill the dart slug!
You see here a +0 club.
There is an escape hatch in the ceiling here.
Crazy Yiuf shouts!
Crazy Yiuf laughs, "Hah seventy alas!"
Okay, then.
Okay, then.
Okay, then.
You open the door. You hit Crazy Yiuf. Your kick misses Crazy Yiuf.
Your peck misses Crazy Yiuf.
Crazy Yiuf is moderately wounded.
Crazy Yiuf waves his quarterstaff at you.
Crazy Yiuf zaps a wand.
The puff of flame hits you.
You completely miss Crazy Yiuf. Your kick misses Crazy Yiuf.
Your peck misses Crazy Yiuf.
Crazy Yiuf is moderately wounded.
Crazy Yiuf hits you with a +4 quarterstaff of chaos!
Crazy Yiuf draws strength from your wounds!
Crazy Yiuf zaps a wand.
The puff of flame hits you!
You die...

# ##.# #.# #.....#
###.####.# #.#####
#.....##.# #.#
########## #.# #.#
###### #.#
.....#####♣♣ ###
#.# ####.....#.♣♣
♣♣#..)# #.# #
#.#......♣♣♣♣@g...#
#.# #
#.##......♣..♣#...#
#.# #
#.###.#..♣.♣♣♣ ###
####.# #
##.#####♣♣♣♣♣
#....# # #...###
######
###.#...#########
................#
################# #


You could see Crazy Yiuf.

Vanquished Creatures
  An adder (D:2)
  A worm (D:2)
  2 dart slugs (D:2)
  2 endoplasms (D:1)
  3 goblins
  5 hobgoblins
  5 jackals (D:1)
  2 kobolds
  2 quokkas (D:1)
  3 ball pythons
  2 bats
  4 frilled lizards
  6 rats
38 creatures vanquished.

Vanquished Creatures (others)
  3 fungi (D:2)
3 creatures vanquished.

Grand Total: 41 creatures vanquished

Notes
Turn   | Place    | Note
-------+----------+-------------------------------------------
     0 | D:1      | hashsling the Tengu Wanderer began the quest for the Orb.
     0 | D:1      | hashsling set off with the following items: a +2
                  | quarterstaff, a +0 ring mail; and the following spells
                  | available to memorise: Sublimation of Blood, Corpse Rot
     0 | D:1      | Reached XP level 1. HP: 10/10 MP: 3/3
   242 | D:1      | Reached XP level 2. HP: 15/15 MP: 4/4
   545 | D:1      | Reached skill level 4 in Staves
   753 | D:1      | Reached XP level 3. HP: 19/19 MP: 5/5
   892 | D:2      | Found a stormy altar of Qazlal.
  1468 | D:2      | Found a runed translucent door.
  1469 | D:2      | Noticed Crazy Yiuf
  1827 | D:2      | Killed from afar by Crazy Yiuf

Illustrated notes

Levels and vault maps discovered:
D:1:      scummos_arrival_gate, layout_basic, minmay_statues_item
D:2:      layout_loops_ring, basic_altar, uniq_crazy_yiuf_cottage

Skill      XL: |  1  2  3 |
---------------+----------+-----
Staves         | 4 |  4.7
Armour         | 2 |  2.0
Throwing       | |  1.0
Dodging        | |  0.7
Stealth        | |  1.0
Spellcasting   | |  1.0
Necromancy     | |  2.1
Evocations     | |  1.0

Action                   || total
-------------------------++-------
Melee: Quarterstaff      ||    67
       Kick              ||    17
       Peck              ||     7
  Use: Scroll            ||     1
Armor: Ring mail         ||    26
Dodge: Dodged            ||    33

Table legend: (Time is in decaauts)
 A = Elapsed time spent in this place.
 B = Non-inter-level travel time spent in this place.
 C = Inter-level travel time spent in this place.
 D = Time resting spent in this place.
 E = Time spent auto-exploring this place.
 F = Levels seen in this place.
 G = Mean time per level.
                   A        B        C        D        E       F      G
               +--------+--------+--------+--------+--------+-----+--------+
         Total |   1833 |   1830 |      3 |      0 |   1609 |   2 |  916.5 |
       Dungeon |   1833 |   1830 |      3 |      0 |   1609 |   2 |  916.5 |
               +--------+--------+--------+--------+--------+-----+--------+

Top non-repeatable levels by time:
     D:2: 936 daAuts
     D:1: 896 daAuts
